 Dungeon Crawl Stone Soup version 0.25-a0-316-gd28d56f9c5 (webtiles) character file.

Game seed: 9383276796545138898, levelgen mode: deterministic

39067 Morrissey the Severer (level 13, 0/113 HPs)
             Began as a Minotaur Hunter on Dec 25, 2019.
             Was a High Priest of Okawaru.
             Slain by a sixfirhy (11 damage)
             ... summoned by an orc sorcerer
             ... on level 2 of the Orcish Mines.
             The game lasted 00:41:32 (20979 turns).

Morrissey the Severer (Minotaur Hunter)            Turns: 20979, Time: 00:41:33

Health: 0/113      AC: 15    Str: 19      XL:     13   Next: 67%
Magic:  18/18      EV:  8    Int:  7 (8)  God:    Okawaru [*****.]
Gold:   1540       SH:  0    Dex: 14      Spells: 12/12 levels left

rFire    . . .     SeeInvis .   b - +7 battleaxe (freeze)
rCold    + . .     Gourm    .   (shield currently unavailable)
rNeg     . . .     Faith    .   K - +0 plate armour
rPois    .         Spirit   .   (helmet restricted)
rElec    .         Reflect  .   u - +0 cloak
rCorr    .         Harm     .   z - +0 pair of gloves
MR       +....                  (no boots)
Stlth    ..........             r - amulet of the acrobat
HPRegen  0.28/turn              t - ring of protection from magic
MPRegen  0.16/turn              Q - ring of protection from cold

@: about to teleport, very heavily drained
A: retaliatory headbutt, horns 2
a: Heroism, Finesse, Renounce Religion


You were on level 2 of the Orcish Mines.
You worshipped Okawaru.
Okawaru was extremely pleased with you.
You were very hungry.

You visited 4 branches of the dungeon, and saw 21 of its levels.

You collected 1540 gold pieces.

Inventory:

Hand Weapons
 a - a +1 shortbow
 b - a +7 battleaxe of freezing (weapon)
 D - a +4 quarterstaff of chaos
Missiles
 d - 445 arrows
Armour
 u - a +0 cloak (worn)
 z - a +0 pair of gloves (worn)
 K - a +0 plate armour (worn)
Jewellery
 r - an amulet of the acrobat (around neck)
 t - a ring of protection from magic (left hand)
 y - an uncursed amulet of the gourmand
 A - an uncursed ring of wizardry
 O - an uncursed amulet of faith
 Q - a ring of protection from cold (right hand)
 R - an uncursed amulet of magic regeneration
Wands
 o - a wand of flame (70)
 C - a wand of random effects (23)
 E - a wand of polymorph (18)
 I - a wand of acid (12)
 M - a wand of iceblast (20)
Scrolls
 c - 2 scrolls of fear
 g - 2 scrolls of fog
 h - 5 scrolls of teleportation
 i - 4 scrolls of blinking
 n - 8 scrolls of remove curse
 p - 2 scrolls of amnesia
 v - 4 scrolls of magic mapping
 B - 2 scrolls of enchant armour {unknown}
 L - 2 scrolls of immolation {unknown}
 S - a scroll of enchant weapon
 T - a scroll of brand weapon {unknown}
Potions
 e - 5 potions of curing
 j - 5 potions of brilliance
 k - 5 potions of haste
 l - 4 potions of flight
 m - a potion of invisibility
 q - 2 potions of degeneration
 s - 2 potions of lignification
 w - 2 potions of agility
 x - 3 potions of ambrosia
 F - a potion of mutation {unknown}
 H - a potion of heal wounds {unknown}
 J - a potion of magic {unknown}
 P - a potion of might {unknown}
Comestibles
 f - 24 rations


   Skills:
 - Level 10.0(6.5) Fighting
 * Level 15.1(11.1) Axes
 - Level 7.2(4.0) Staves
 + Level 12.1(8.5) Bows
 - Level 10.0(6.5) Armour
 + Level 8.5(5.2) Dodging
 - Level 0.7(0.0) Stealth
 - Level 8.0(4.6) Invocations


You had 12 spell levels left.
You didn't know any spells.
Your spell library contained the following spells:

 Spells                   Type           Power        Failure   Level  Hunger
 Confusing Touch          Hex            #.....       100%        1    ##.....
 Magic Dart               Conj           #...         100%        1    ##.....
 Searing Ray              Conj           #.....       100%        2    ###....
 Confuse                  Hex            #.......     100%        3    ####...
 Dazzling Flash           Conj/Hex       #.....       100%        3    ####...
 Gell's Gravitas          Tloc           #.........   100%        3    ####...
 Fulminant Prism          Conj/Hex       #.........   100%        4    #####..
 Iskenderun's Mystic Bla  Conj/Tloc      #.......     100%        4    #####..
 Petrify                  Tmut/Erth      #.......     100%        4    #####..
 Metabolic Englaciation   Hex/Ice        #.........   100%        5    ######.
 Yara's Violent Unravell  Hex/Tmut       #.........   100%        5    ######.


Dungeon Overview and Level Annotations

Branches:
Dungeon (12/15)            Temple (1/1) D:7            Lair (6/6) D:8
  Swamp (0/4) Lair:2       Spider (0/4) Lair:3        Slime (0/5) Lair:5
    Orc (2/2) D:10
    Elf: Orc:2

Altars:
Ashenzari
Cheibriados
Dithmenos
Elyvilon
Fedhas
Gozag
Hepliaklqana
Kikubaaqudgha
Makhleb
Nemelex Xobeh
Okawaru
Qazlal
Ru
Sif Muna
Trog
Uskayaw
Vehumet
Wu Jian
Xom
Yredelemnul
Zin
The Shining One
Beogh

Shops:
D:9 %   Orc:1 %

Annotations:
D:10 exclusion: downstairs
Lair:2 1 exclusion
Lair:3 exclusion: oklob plant


Innate Abilities, Weirdness & Mutations

You reflexively headbutt those who attack you in melee.
You have a pair of horns on your head.


Message History

The sixfirhy hits you.
* * * LOW HITPOINT WARNING * * *
The sixfirhy shocks you!
* * * LOW HITPOINT WARNING * * *
The sixfirhy hits you but does no damage.
The sixfirhy barely misses you. You furiously retaliate!
You headbutt the sixfirhy! The sixfirhy hits you.
* * * LOW HITPOINT WARNING * * *
The sixfirhy shocks you!
* * * LOW HITPOINT WARNING * * *
Unknown command.
Unknown command.
You closely miss the sixfirhy.
The sixfirhy is moderately wounded.
The sixfirhy completely misses you.
The sixfirhy hits you but does no damage.
The sixfirhy hits you.
* * * LOW HITPOINT WARNING * * *
The sixfirhy shocks you!
You die...

o.o_....#...^(.
...............
.....$oo.......
...............
.....o..((.
#.ooo(# ##4##
#.3.# ##@## ###


You could see a rust devil, a sixfirhy, an orc sorcerer, an orc warrior and 4
orcs.

Vanquished Creatures
  2 hydras
  2 two-headed ogres
  A death yak (Lair:5)
  Urug (Orc:1)
  A hell knight (D:11)
  An orc high priest (Orc:2)
  Sonja (D:12)
  2 unseen horrors
  Pikel (D:5)
  A cyclops (D:11)
  11 elephants
  3 black mambas (Lair:4)
  A centaur zombie (D:10)
  3 spiny frogs
  A torpor snail (Lair:5)
  6 komodo dragons
  2 trolls
  3 polar bears
  Grinder (D:4)
  25 blink frogs
  A hornet (D:12)
  A bog body (Lair:2)
  7 hippogriffs
  3 wraiths (D:11)
  A water elemental (D:12)
  2 wyverns
  Eustachio (D:6)
  2 hungry ghosts
  2 basilisks (Lair:3)
  11 yaks
  4 steam dragons
  4 vampire mosquitoes (D:12)
  Menkaure (D:5)
  3 wargs
  A swamp worm (Lair:2)
  2 insubstantial wisps (D:12)
  7 water moccasins
  A soldier ant (D:10)
  13 orc warriors
  10 porcupines
  Duvessa (D:4)
  A slave (D:5)
  5 ice beasts
  7 sky beasts
  A black bear (D:8)
  5 ogres
  2 eyes of draining
  2 phantoms (D:5)
  11 wolves
  2 centaurs
  2 big kobolds
  12 crocodiles
  11 bullfrogs
  A gnoll sergeant (Orc:2)
  Dowan (D:4)
  4 scorpions
  A wyvern skeleton (D:7)
  A water moccasin skeleton (D:6)
  7 wights
  An electric eel (D:12)
  2 howler monkeys
  A vampire bat (D:5)
  4 crimson imps
  2 bullfrog zombies
  Crazy Yiuf (D:3)
  A centaur skeleton (D:4)
  A gnoll shaman (D:7)
  5 hounds
  10 jellies
  2 bullfrog skeletons
  12 orc priests
  4 iguanas
  19 orc wizards
  8 worker ants
  A worker ant zombie (D:8)
  Robin (D:3)
  A howler monkey zombie (D:5)
  12 gnolls
  3 adders
  A shadow imp (D:6)
  4 oozes
  6 worms
  2 dart slugs (D:1)
  3 fire bats (D:5)
  6 leopard geckos
  54 orcs
  2 spectral bats (D:5)
  2 ball pythons
  3 bat skeletons (D:5)
  A bat zombie (D:5)
  13 goblins
  12 hobgoblins
  5 jackals
  14 kobolds
  3 quokkas
  14 bats
  A bat simulacrum (D:5)
  4 frilled lizards
  A giant cockroach (D:3)
  9 rats
  10 fungi
484 creatures vanquished.

Vanquished Creatures (others)
  An unseen horror (D:11)
  A sky beast (D:12)
  An orc (Orc:1)
  9 fungi
  4 plants
16 creatures vanquished.

Grand Total: 500 creatures vanquished

Notes
Turn   | Place    | Note
-------+----------+-------------------------------------------
     0 | D:1      | Morrissey the Minotaur Hunter began the quest for the Orb.
     0 | D:1      | Reached XP level 1. HP: 18/18 MP: 0/0
    88 | D:1      | Reached skill level 1 in Armour
    88 | D:1      | Reached XP level 2. HP: 22/25 MP: 1/1
   893 | D:2      | Found a glowing silver altar of Zin.
   966 | D:2      | Reached XP level 3. HP: 26/30 MP: 2/2
  1756 | D:3      | Reached XP level 4. HP: 38/38 MP: 3/3
  2122 | D:3      | Noticed an earth elemental
  2167 | D:3      | Found a runed translucent door.
  2168 | D:3      | Noticed Crazy Yiuf
  2189 | D:3      | Killed Crazy Yiuf
  2189 | D:3      | Reached skill level 5 in Bows
  2448 | D:3      | Reached XP level 5. HP: 45/45 MP: 4/4
  2521 | D:3      | Noticed Robin
  2525 | D:3      | Reached skill level 1 in Staves
  2542 | D:3      | Killed Robin
  2697 | D:3      | Found a stormy altar of Qazlal.
  2699 | D:3      | Noticed a fire elemental
  2699 | D:3      | Noticed an air elemental
  2699 | D:3      | Noticed a water elemental
  2831 | D:4      | Found an opulent altar of Gozag.
  2831 | D:4      | Noticed Duvessa
  2831 | D:4      | Noticed Dowan
  2884 | D:4      | Reached XP level 6. HP: 52/52 MP: 5/5
  2940 | D:4      | Found a snail-covered altar of Cheibriados.
  3000 | D:4      | Noticed Grinder
  3009 | D:4      | Killed Grinder
  3009 | D:4      | Reached skill level 5 in Armour
  3043 | D:4      | Killed Duvessa
  3043 | D:4      | Reached XP level 7. HP: 46/60 MP: 6/6
  3047 | D:4      | Killed Dowan
  3599 | D:3      | Found a hide-covered altar of Uskayaw.
  3620 | D:5      | Entered Level 5 of the Dungeon
  3627 | D:5      | Reached skill level 5 in Fighting
  3697 | D:5      | Reached skill level 5 in Staves
  3697 | D:5      | Reached XP level 8. HP: 67/68 MP: 7/7
  3788 | D:5      | Noticed Menkaure
  3794 | D:5      | Killed Menkaure
  3911 | D:5      | Noticed Pikel
  3925 | D:5      | Killed Pikel
  4753 | D:6      | Found a shadowy altar of Dithmenos.
  4801 | D:6      | Found a shimmering altar of Xom.
  4880 | D:6      | Reached XP level 9. HP: 68/75 MP: 8/8
  4947 | D:6      | Found a sparkling altar of Nemelex Xobeh.
  5094 | D:6      | Noticed Eustachio
  5107 | D:6      | Killed Eustachio
  5107 | D:6      | Reached skill level 1 in Axes
  5361 | D:7      | Reached skill level 2 in Axes
  5388 | D:7      | Reached skill level 3 in Axes
  5740 | D:7      | Reached skill level 4 in Axes
  5791 | D:7      | Found a staircase to the Ecumenical Temple.
  5827 | Temple   | Entered the Ecumenical Temple
  5866 | Temple   | Became a worshipper of Warmaster Okawaru
  6123 | D:7      | Found a bloodstained altar of Trog.
  6363 | D:8      | Reached skill level 5 in Axes
  6366 | D:8      | Found a staircase to the Lair.
  6647 | D:8      | Reached * piety under Okawaru
  6647 | D:8      | Reached skill level 10 in Armour
  6647 | D:8      | Reached XP level 10. HP: 76/86 MP: 9/9
  6697 | D:8      | Found a glowing golden altar of the Shining One.
  6703 | D:8      | Reached skill level 6 in Axes
  6784 | D:8      | Found a white marble altar of Elyvilon.
  6788 | D:8      | Found a shattered altar of Ashenzari.
  7245 | D:9      | Reached skill level 1 in Invocations
  7260 | D:9      | Reached skill level 7 in Axes
  7272 | D:9      | Found Neput's Food Boutique.
  7378 | D:9      | Found a sacrificial altar of Ru.
  7596 | D:9      | Noticed a two-headed ogre
  7602 | D:9      | Killed a two-headed ogre
  7602 | D:9      | Reached ** piety under Okawaru
  7786 | D:10     | Entered Level 10 of the Dungeon
  7896 | D:10     | Reached skill level 8 in Axes
  8111 | D:10     | Found a staircase to the Orcish Mines.
  8860 | D:11     | Reached *** piety under Okawaru
  8860 | D:11     | Reached skill level 9 in Axes
  8861 | D:11     | Noticed a hell knight
  9194 | D:11     | Reached XP level 11. HP: 43/97 MP: 12/12
  9485 | D:11     | Noticed a two-headed ogre
  9488 | D:11     | Killed an unseen horror
  9491 | D:11     | Killed a two-headed ogre
  9493 | D:11     | Killed an unseen horror
  9505 | D:11     | Reached **** piety under Okawaru
  9508 | D:11     | HP: 2/97 [bullfrog skeleton (4)]
  9891 | Lair:1   | Entered Level 1 of the Lair of Beasts
  9929 | Lair:1   | Received a gift from Okawaru
  9929 | Lair:1   | Reached skill level 10 in Axes
 10155 | Lair:1   | Noticed a four-headed hydra
 10173 | Lair:1   | Killed a four-headed hydra
 10891 | Lair:1   | Received a gift from Okawaru
 10943 | Lair:2   | Reached skill level 5 in Invocations
 10955 | Lair:2   | Received a gift from Okawaru
 10955 | Lair:2   | Reached skill level 10 in Fighting
 11216 | Lair:2   | Reached skill level 10 in Bows
 11222 | Lair:2   | Reached skill level 11 in Axes
 11239 | Lair:2   | Received a gift from Okawaru
 11957 | Lair:2   | Found a staircase to the Swamp.
 12367 | Lair:3   | Reached XP level 12. HP: 61/106 MP: 12/15
 12763 | Lair:3   | Reached ***** piety under Okawaru
 13126 | Lair:3   | Reached skill level 5 in Dodging
 13138 | Lair:3   | Reached skill level 12 in Axes
 13379 | Lair:3   | Found a hole to the Spider Nest.
 13799 | Lair:4   | Received a gift from Okawaru
 14285 | Lair:4   | Received a gift from Okawaru
 14420 | Lair:4   | Received a gift from Okawaru
 14565 | Lair:4   | Reached skill level 13 in Axes
 15339 | Lair:4   | Reached XP level 13. HP: 81/113 MP: 17/17
 15932 | Lair:5   | Found a staircase to the Slime Pits.
 16279 | Lair:5   | Reached skill level 14 in Axes
 16682 | Lair:6   | Entered Level 6 of the Lair of Beasts
 17687 | D:12     | Noticed Sonja
 17714 | D:12     | Killed Sonja
 17714 | D:12     | Received a gift from Okawaru
 17805 | D:12     | Received a gift from Okawaru
 18502 | D:12     | Paralysed by a hornet for 3 turns
 19194 | Orc:1    | Entered Level 1 of the Orcish Mines
 19734 | Orc:1    | Found Tilum's Food Boutique.
 19820 | Orc:1    | Noticed Urug
 19850 | Orc:1    | Killed Urug
 20165 | Orc:2    | Entered Level 2 of the Orcish Mines
 20334 | Orc:2    | Received a gift from Okawaru
 20618 | Orc:2    | Reached skill level 15 in Axes
 20635 | Orc:2    | HP: 4/113 [orc warrior/+0 trident (10)]
 20638 | Orc:2    | Found a roughly hewn altar of Beogh.
 20979 | Orc:2    | Slain by a sixfirhy

Levels and vault maps discovered:
D:1:      tarquinn_simple_flora_water_d, layout_rooms, serial_forest,
          infiniplex_forest_lined_2, infiniplex_forest_straight_3,
          infiniplex_forest_lined_ring, infiniplex_forest_clump_curved,
          infiniplex_forest_clump_diagonal, infiniplex_forest_end_2,
          infiniplex_forest_fountain, infiniplex_forest_clump_long,
          minmay_pentomino_p4
D:2:      layout_loops_corners, marbit_many_paths
D:3:      layout_basic, nicolae_overflow_hidden_temple,
          nicolae_qazlal_style_of_elements, first_ration,
          uniq_crazy_yiuf_cottage, uniq_robin
D:4:      layout_basic, cheibriados_altar_1, grunt_gozag_statues,
          minmay_misc_feat_more_columns, uniq_grinder, uniq_duvessa
D:5:      layout_loops_corners, goddamned_bats, uniq_menkaure, uniq_pikel
D:6:      layout_basic, nemelex_xobeh_ov_fountains_minmay, xom_butterflies,
          grunt_dithmenos_smoke, kennysheep_generic_room_9, uniq_eustachio
D:7:      layout_basic, old_standard_altar, minmay_temple_entry_ruins
D:8:      kennysheep_steamy, layout_rooms, old_standard_altar, minitemple,
          due_lair_maze_entry_diamond
D:9:      layout_irregular_city, nicolae_ru_sacrificial_ziggurat, serial_shops,
          shop, grunt_ogre_cave
D:10:     layout_irregular_city, david_orc_4
D:11:     layout_cave_pools, enter_bailey_3, kennysheep_island_fort
D:12:     layout_basic, nicolae_trove_entry_diagonal, grunt_ministairs_4,
          hangedman_misty_isle, uniq_sonja
Temple:   kb_temple_of_zot
Lair:1:   layout_misc_corridors, serial_bayou_pond_c, patterned_corridor
Lair:2:   layout_regular_city, nicolae_swamp_entry_splash_gauntlet,
          grunt_megastairs_2
Lair:3:   layout_cave_pods, spider_nest_entry_web_field,
          minmay_lair_oklob_chamber, lemuel_fruit_fields
Lair:4:   layout_long_grid, grunt_megastairs_5
Lair:5:   layout_regular_city, nicolae_slime_entry_slimehenge,
          beast_lair_carwin_11
Lair:6:   evil_forest, layout_gridlike, serial_forest,
          infiniplex_forest_zigzag_1, infiniplex_forest_fountain,
          infiniplex_forest_lined_2, infiniplex_forest_clump_diagonal,
          infiniplex_forest_lined_corner, infiniplex_forest_clump_large,
          infiniplex_forest_straight_2, st_stairs_3,
          infiniplex_staircase_pool_2, uniq_rupert, uniq_josephine
Orc:1:    layout_caves, serial_shops, shop, uniq_urug
Orc:2:    st_orc_congregation, layout_diamond_mine, gammafunk_ghost_stat_death,
          basic_altar, mines2_david, uniq_snorg

Skill      XL: |  1  2  3  4  5  6  7  8  9 10 11 12 13 |
---------------+----------------------------------------+-----
Armour         | 1 2 3 4 5 6 8 10 | 10.0
Fighting       | 3 4 5 6 7 9 10 | 10.0
Dodging        | 3 4 6 8 |  8.5
Bows           | 5 6 7 9 10 11 12 | 12.1
Staves         | 2 3 5 7 |  7.2
Axes           | 5 9 11 13 15 | 15.1
Invocations    | 3 5 7 8 |  8.0
Stealth        | |  0.7

Action                   |  1- 3 |  4- 6 |  7- 9 | 10-12 | 13-15 || total
-------------------------+-------+-------+-------+-------+-------++-------
Melee: Short sword       |   145 |    21 |       |       |       ||   166
       Headbutt          |    27 |    26 |    44 |    86 |    45 ||   228
       Quarterstaff      |       |    76 |   108 |       |       ||   184
       Battleaxe         |       |       |   127 |   430 |   234 ||   791
       Shortbow          |       |       |       |       |     1 ||     1
 Fire: Shortbow          |     3 |    13 |    11 |   184 |   241 ||   452
Invok: Heroism           |       |       |       |     5 |     4 ||     9
       Finesse           |       |       |       |       |     2 ||     2
Evoke: Wand              |       |       |       |       |    16 ||    16
  Use: Scroll            |     8 |       |     5 |     8 |    11 ||    32
       Potion            |       |       |       |     5 |     6 ||    11
 Stab: Paralysed         |       |     2 |     4 |       |       ||     6
       Confused          |       |     1 |     1 |       |       ||     2
       Invisible         |       |       |       |       |     4 ||     4
  Eat: Chunk             |     3 |     4 |     8 |    16 |     6 ||    37
       Ration            |       |       |     1 |     5 |     3 ||     9
Armor: Leather armour    |     3 |       |       |       |       ||     3
       Ring mail         |     5 |       |       |       |       ||     5
       Chain mail        |    50 |    68 |   169 |   102 |       ||   389
       Plate armour      |       |       |       |   285 |   234 ||   519
Dodge: Dodged            |    68 |    46 |   119 |   233 |   154 ||   620

Table legend:
 A = Non-vault XP
 B = Vault XP
 C = Vault XP percentage of total XP
 D = Non-vault monster count
 E = Vault monster count
 F = Vault count percentage of total count
                 A         B        C        D         E       F
            +---------+---------+-------+---------+---------+-------
      Total |   44208 |   11603 |  20.8 |     363 |     112 |  23.6
            +---------+---------+-------+---------+---------+-------
        D:1 |      14 |      12 |  46.2 |       8 |       3 |  27.3
        D:2 |      51 |       5 |   8.9 |      24 |       1 |   4.0
        D:3 |     149 |      79 |  34.6 |      27 |      12 |  30.8
        D:4 |     349 |     511 |  59.4 |      17 |       3 |  15.0
        D:5 |     336 |     975 |  74.4 |       5 |      22 |  81.5
        D:6 |     542 |     203 |  27.2 |      12 |       1 |   7.7
        D:7 |    1454 |       0 |   0.0 |      30 |       0 |   0.0
        D:8 |     710 |    1511 |  68.0 |      21 |      12 |  36.4
        D:9 |     723 |     910 |  55.7 |      10 |       1 |   9.1
       D:10 |    1171 |     638 |  35.3 |      11 |      15 |  57.7
       D:11 |    4789 |    1341 |  21.9 |      24 |       7 |  22.6
       D:12 |    3622 |    1606 |  30.7 |      24 |       8 |  25.0
     Lair:1 |    2847 |       0 |   0.0 |      10 |       0 |   0.0
     Lair:2 |    3004 |    1014 |  25.2 |      15 |       6 |  28.6
     Lair:3 |    4831 |       0 |   0.0 |      22 |       0 |   0.0
     Lair:4 |   12306 |     105 |   0.8 |      42 |       1 |   2.3
     Lair:5 |    5133 |     482 |   8.6 |      16 |       6 |  27.3
      Orc:1 |    1397 |     851 |  37.9 |      27 |       1 |   3.6
      Orc:2 |     780 |    1360 |  63.6 |      18 |      13 |  41.9
            +---------+---------+-------+---------+---------+-------
